 Dungeon Crawl Stone Soup version 0.28.0 (webtiles) character file.

Game seed: 11807046588225483950

222 Woods the Insei (level 5, 0/49 HPs)
             Began as a Naga Transmuter on Feb 18, 2022.
             Slain by Pikel (1 damage)
             ... on level 4 of the Dungeon.
             The game lasted 00:07:40 (4176 turns).

Woods the Insei (Naga Transmuter)                   Turns: 4176, Time: 00:07:40

Health: 0/49       AC:  2    Str: 12    XL:     5   Next: 99%
Magic:  8/8        EV: 19    Int: 15    God:
Gold:   98         SH:  0    Dex: 17    Spells: 3/9 levels left

rFire   . . .      SeeInvis +     - Unarmed
rCold   . . .      Faith    .   (shield currently unavailable)
rNeg    . . .      Spirit   .   (armour currently unavailable)
rPois   x          Reflect  .   (helmet currently unavailable)
rElec   .          Harm     .   (cloak currently unavailable)
rCorr   .          Rampage  .   (gloves currently unavailable)
Will    .....                   (no barding)
Stlth   ++........              f - amulet of magic regeneration
HPRegen 0.16/turn               (no ring)
MPRegen 0.51/turn               (no ring)

@: spider-form (expiring), slightly contaminated
A: venomous fangs, AC +1, tiny, see invisible, (deformed body), (poison
resistance), (slowness 2), spit poison 1, (naga tail 1), subdued magic 1
a: Spit Poison, End Transformation


You were on level 4 of the Dungeon.
You were a venomous arachnid creature.
You visited 1 branch of the dungeon, and saw 4 of its levels.

You collected 98 gold pieces.

Inventory:

Armour
 a - a +0 robe (melded)
 m - a +0 cloak (melded)
 q - a +0 chain mail
Jewellery
 f - an amulet of magic regeneration (around neck)
 o - a ring of fire
Scrolls
 d - 2 scrolls of identify {unknown}
 g - a scroll of fog {unknown}
 i - a scroll of enchant armour {unknown}
 j - a scroll of brand weapon {unknown}
 k - a scroll of immolation {unknown}
 l - a scroll of enchant weapon {unknown}
 n - 2 scrolls of teleportation {unknown}
 p - a scroll of magic mapping {unknown}
Potions
 b - a potion of curing
 c - 2 potions of invisibility {unknown}
 e - 2 potions of mutation {unknown}
 h - 2 potions of resistance {unknown}


   Skills:
 - Level 3.0 Fighting
 - Level 1.5 Dodging
 - Level 5.0 Unarmed Combat
 + Level 2.6 Spellcasting
 + Level 2.7 Transmutations


You had 3 spell levels left.
You knew the following spells:

 Your Spells              Type           Power      Damage    Failure   Level
a - Beastly Appendage     Tmut           14%        N/A       16%         1
b - Wereblood             Tmut           7%         N/A       22%         2
c - Spider Form           Tmut/Pois      4%         N/A       52%         3

Your spell library contained the following spells:

 Spells                   Type           Power      Damage    Failure   Level
 Shock                    Conj/Air       4%         1d3       38%         1
 Confusing Touch          Hex            1%         N/A       71%         3
 Gell's Gravitas          Tloc           1%         N/A       71%         3
 Swiftness                Air            1%         N/A       71%         3
 Teleport Other           Tloc           1%         N/A       71%         3
 Ice Form                 Ice/Tmut       4%         N/A       87%         4
 Airstrike                Air            0%         N/A       97%         4
 Yara's Violent Unravell  Hex/Tmut       2%         3d3       99%         5
 Dispersal                Tloc           0%         N/A       100%        6
 Enfeeble                 Hex            0%         N/A       100%        7


Dungeon Overview and Level Annotations

Branches:
Dungeon (4/15)
 Temple: D:4-7

Altars:
Kikubaaqudgha
Okawaru
Yredelemnul

Annotations:
D:4 Pikel


Innate Abilities, Weirdness & Mutations

You are a venomous arachnid creature.
You have poisonous fangs.
You are tiny and dextrous.
Your spellcasting is less reliable in this form.
Your armour is entirely melded.
You are incapable of wielding weapons or throwing items.
((Your serpentine skin is tough. (AC +1)))
You have supernaturally acute eyesight. (SInv)
((Armour fits poorly on your strangely shaped body.))
((Your system is resistant to poisons. (rPois)))
((You cover ground very slowly.))
You can spit poison.
((You have a snake-like lower body.))
Your spells are a little easier to cast, but a little less powerful.


Message History

Pikel freezes you.
There is an open door here.
Pikel hits you with a +2 whip of freezing!
Pikel freezes you.
Casting: Spider Form (quite dangerous; 34% risk of failure)
Confirm with . or Enter, or press ? or * to list all spells.
The spell is quite dangerous to miscast (34% risk of failure)!
Continue anyway?
You turn into a venomous arachnid creature.
Your +0 cloak melds into your body.
Your +0 robe melds into your body.
Pikel misses you.
You hit Pikel.
Pikel is poisoned.
Pikel is lightly wounded.
Pikel hits you with a +2 whip of freezing!
Pikel freezes you.
You barely miss Pikel.
Pikel is lightly wounded.
Pikel hits you with a +2 whip of freezing!
* * * LOW HITPOINT WARNING * * *
Pikel freezes you.
* * * LOW HITPOINT WARNING * * *
You barely miss Pikel.
Pikel is lightly wounded.
Pikel hits you with a +2 whip of freezing!
* * * LOW HITPOINT WARNING * * *
Pikel freezes you.
* * * LOW HITPOINT WARNING * * *
Your body shudders with the violent release of wild energies!
Your connection to magic feels subdued.
You feel less contaminated with magical energies.
Your transformation is almost over.
The lemure shouts!
You hit Pikel but do no damage.
Pikel is moderately wounded.
Pikel barely misses you.
You hit Pikel but do no damage.
Pikel looks even sicker.
Pikel is moderately wounded.
Pikel hits you with a +2 whip of freezing.
* * * LOW HITPOINT WARNING * * *
Pikel freezes you.
You die...

#..## ...... #.... .......
######.... ..... #.........
.... ####.####.### .5. ...
.........>### .[# #.#
###.........
#.###.#######.....#...##
#+#####.#..5Ks..........+.....
......5.#.#5####........#...##
........#.#...#.........+...'.
.......5#.#5#5#.........#...##
#5#.#5#.#....######.....
#5#.#.#.#.#### #.....
#.#.#..5..#########.....
#.#.#'#.#.........'...##
#.5.....#.########'...##


You could see Pikel (very poisoned) and 2 lemures.

Vanquished Creatures
  A black bear (D:3)
  4 adders
  2 worms
  6 dart slugs
  An orc (D:3)
  7 ball pythons
  8 bats
  6 endoplasms
  4 giant cockroaches
  9 goblins
  8 hobgoblins
  7 jackals
  4 kobolds
  3 frilled lizards
  6 rats
76 creatures vanquished.

Notes
Turn   | Place    | Note
-------+----------+-------------------------------------------
     0 | D:1      | Woods the Naga Transmuter began the quest for the Orb.
     0 | D:1      | Reached XP level 1. HP: 18/18 MP: 3/3
   405 | D:1      | Reached XP level 2. HP: 25/25 MP: 5/5
   650 | D:1      | Found a faded altar of an unknown god.
   796 | D:1      | HP: 1/26 [goblin (5)]
  1233 | D:1      | Reached XP level 3. HP: 31/32 MP: 4/6
  1236 | D:1      | Learned a level 2 spell: Wereblood
  1240 | D:1      | Learned a level 3 spell: Spider Form
  2145 | D:2      | Reached skill level 4 in Unarmed Combat
  2145 | D:2      | Reached XP level 4. HP: 40/40 MP: 5/7
  2709 | D:2      | Found an ancient bone altar of Kikubaaqudgha.
  3025 | D:3      | Noticed a black bear
  3158 | D:3      | Killed a black bear
  3159 | D:3      | Reached skill level 5 in Unarmed Combat
  3159 | D:3      | Reached XP level 5. HP: 40/49 MP: 3/8
  3424 | D:3      | Found a basalt altar of Yredelemnul.
  3429 | D:3      | Found an iron altar of Okawaru.
  4150 | D:4      | Noticed a lemure
  4151 | D:4      | Noticed Pikel
  4152 | D:4      | Noticed a lemure
  4152 | D:4      | Noticed a lemure
  4152 | D:4      | Noticed a lemure
  4169 | D:4      | HP: 2/49 [Pikel (1)]
  4170 | D:4      | Gained mutation: Your spells are a little easier to cast,
                  | but a little less powerful. [mutagenic glow]
  4176 | D:4      | HP: 1/49 [Pikel (2)]
  4176 | D:4      | Slain by Pikel

Illustrated notes

Levels and vault maps discovered:
D:1:      denvon_arrival_planthouse, layout_basic,
          ebering_ecumenical_altar_hall, minmay_3d_cube
D:2:      layout_basic, basic_altar, minmay_three_crescents
D:3:      layout_loops_ring, mainiacjoe_overflow_catwalk_spiral,
          mrwooster_statue_mirror, grunt_ministairs_14, minmay_goblin_outpost
D:4:      layout_basic, uniq_pikel

Skill      XL: |  1  2  3  4 |
---------------+-------------+-----
Fighting       | 2 3 |  3.0
Unarmed Combat | 4 5 |  5.0
Dodging        | |  1.5
Spellcasting   | |  2.6
Transmutations | |  2.7

Action                   |  1- 3 |  4- 6 || total
-------------------------+-------+-------++-------
Melee: Unarmed           |    59 |    89 ||   148
       Headbutt          |     6 |    11 ||    17
       Punch             |       |     2 ||     2
 Cast: Beastly Appendage |    21 |    16 ||    37
       Spider Form       |       |     2 ||     2
 Abil: Spit Poison       |    26 |    31 ||    57
Armor: Robe              |    29 |    17 ||    46
Dodge: Dodged            |    43 |    51 ||    94
